 Dungeon Crawl Stone Soup version 0.29.1-15-g9cfb28693d (webtiles) character file.

Game seed: 17412824606264716811

43 YotangoBango the Poker (level 3, -7/31 HPs)
             Began as a Draconian Berserker on Mar 11, 2024.
             Was a Believer of Trog.
             Mangled by an ogre
             ... wielding a +0 giant club
              (16 damage)
             ... on level 2 of the Dungeon on Mar 15, 2024.
             The game lasted 00:08:35 (1446 turns).

YotangoBango the Poker (Draconian Berserker)        Turns: 1446, Time: 00:08:35

Health: -7/31      AC:  5    Str: 21    XL:     3   Next: 37%
Magic:  12/12      EV: 12    Int:  7    God:    Trog [**....]
Gold:   127        SH:  0    Dex: 10    Spells: 2/2 levels left

rFire   . . .      SeeInvis .   f - +0 dagger (venom)
rCold   . . .      Faith    .   d - orb {*Rage}
rNeg    . . .      Spirit   .   (body armour unavailable)
rPois   .          Reflect  .   (helmet restricted)
rElec   .          Harm     .   (no cloak)
rCorr   .          Rampage  .   (no gloves)
Will    .....      Rage     20% (no boots)
Stlth   +.........              (no amulet)
HPRegen 0.10/turn               e - ring of magical power
MPRegen 0.13/turn               (no ring)

@: about to teleport
A: AC +5, unfitting armour, cold-blooded
a: Renounce Religion, Berserk, Trog's Hand


You were on level 2 of the Dungeon.
You worshipped Trog.
Trog was pleased with you.
You visited 1 branch of the dungeon, and saw 2 of its levels.

You collected 127 gold pieces.

Inventory:

Hand Weapons
 a - a +0 spear
 f - a +0 dagger of venom (weapon)
 i - a +0 sling
Armour
 d - an orb of wrath (worn)
Jewellery
 e - a ring of magical power (left hand)
Scrolls
 b - a scroll of blinking
Potions
 c - 2 potions of heal wounds {unknown}
 g - a potion of flight {unknown}


   Skills:
 + Level 3.5 Fighting
 + Level 3.6 Polearms
 + Level 3.3 Dodging


You had 2 spell levels left.
You didn't know any spells.
Your spell library contained the following spells:

 Spells                   Type           Power      Damage    Failure   Level
 Cause Fear               Hex            0%         N/A       99%         4
 Dragon Form              Tmut           0%         N/A       100%        7
 Dragon's Call            Summ           0%         N/A       100%        9


Dungeon Overview and Level Annotations

Branches:
Dungeon (2/15)

Altars:
Fedhas


Innate Abilities, Weirdness & Mutations

Your plain brown scales are hard. (AC +5)
You cannot fit into any form of body armour.
You are cold-blooded and may be slowed by cold attacks.


Message History

You kill the hobgoblin!
Trog accepts your kill.
You see here a hobgoblin corpse.
Found a blossoming altar of Fedhas.
Found 10 gold pieces.
You see here a +0 chain mail.
An endoplasm comes into view.
The endoplasm moves out of view.
The endoplasm quivers.
Found a scroll of blinking.
An ogre comes into view. It is wielding a +0 giant club.
The ogre shouts!
There is a blossoming altar of Fedhas here.
You hit the endoplasm.
The endoplasm is moderately wounded.
The endoplasm freezes you.
You are frozen.
You hit the endoplasm but do no damage.
The endoplasm is poisoned.
The endoplasm is moderately wounded.
The endoplasm hits you but does no damage.
You hit the endoplasm.
The endoplasm looks as sick as possible!
The endoplasm is almost dead.
You kill the endoplasm!
Trog accepts your kill. The ogre closely misses you.
The ogre closely misses you.
You hit the ogre.
The ogre is poisoned.
The ogre is lightly wounded.
A ball python comes into view.
The ball python hisses angrily.
You hit the ogre but do no damage.
The ogre looks as sick as possible!
The ogre is moderately wounded.
The ogre hits you with a +0 giant club!!
Ouch! That really hurt!
* * * LOW HITPOINT WARNING * * *
As you read the scroll of teleportation, it crumbles to dust.
You feel strangely unstable. The ogre hits you with a +0 giant club!
Ouch! That really hurt!
You die...

#........ #........
#........ #...... #....
#######.#######
#####..†...[....$.#
#.....##..........#
#.....##....#@O_..#
#.....##....#..S....#
##.....##....#..........
#......#.....##..#......
#.....##.....###.#......
# #.....##..####
#.#...... ..#.....#.<..
..# ..?.. ..#.#####.#.
### ..... .....##.....


You could see an ogre (extremely poisoned) and a ball python.

Vanquished Creatures
  An adder (D:2)
  A dart slug (D:1)
  3 bats (D:1)
  5 endoplasms
  A giant cockroach (D:1)
  3 hobgoblins
  4 kobolds
  A quokka (D:1)
  2 frilled lizards
  4 goblins (D:1)
  5 rats (D:1)
30 creatures vanquished.

Vanquished Creatures (others)
  3 fungi (D:1)
  A plant (D:1)
4 creatures vanquished.

Grand Total: 34 creatures vanquished

Notes
Turn   | Place    | Note
-------+----------+-------------------------------------------
     0 | D:1      | YotangoBango the Draconian Berserker began the quest for
                  | the Orb.
     0 | D:1      | Reached XP level 1. HP: 19/19 MP: 1/1
   448 | D:1      | Reached XP level 2. HP: 26/26 MP: 2/2
   843 | D:1      | Found a faded altar of an unknown god.
   860 | D:1      | Reached ** piety under Trog
  1324 | D:2      | Reached XP level 3. HP: 31/31 MP: 3/3
  1427 | D:2      | Found a blossoming altar of Fedhas.
  1435 | D:2      | Noticed an ogre
  1446 | D:2      | Mangled by an ogre

Illustrated notes

Levels and vault maps discovered:
D:1:      reono_arrival_mine, layout_basic,
          shapermc_ecumenical_altar_mp_ritualfount, hex_large,
          serial_park_tiny_2, st_stairs_8
D:2:      layout_basic, basic_altar, uniq_jessica

Skill      XL: |  1  2 |
---------------+-------+-----
Dodging        | 3 |  3.3
Fighting       | |  3.5
Polearms       | |  3.6

Action                   || total
-------------------------++-------
Melee: Spear             ||    62
       Dagger            ||    35
       Tailslap          ||     4
  Use: Scroll            ||     3
Armor: Skin              ||    36
Dodge: Dodged            ||    84
